 Dungeon Crawl Stone Soup version 0.32-a0-825-g0e82a1035d (webtiles) character file.

Game seed: 17855766865416292336

673532 jdvbjdbfj the Hoplite (level 27, -3/187 (188) HPs)
             Began as a Minotaur Fighter on Mar 10, 2024.
             Was the Champion of Okawaru.
             Slain by Qiwos the pandemonium lord (17 damage)
             ... on level 11 of the Dungeon on Mar 25, 2024.
             The game lasted 02:17:24 (57990 turns).

jdvbjdbfj the Hoplite (Minotaur Fighter)           Turns: 57990, Time: 02:17:24

HP:   -3/187 (188)  AC: 36    Str: 34      XL:     27
MP:   26/26         EV: 19    Int:  4 (6)  God:    Okawaru [******]
Gold: 7767          SH: 21    Dex:  8      Spells: 26/26 levels left

rFire   + + +        B - +9 broad axe (heavy)
rCold   + + .        z - +5 kite shield {reflect}
rNeg    + . .        G - +9 plate armour of Eted {Fly rElec rPois}
rPois   +            W - +2 hat of Hedging {rElec rPois rF++ Int-5}
rElec   +            y - scarf of Zoitwypa {rC+ rF+, rCorr Int+5}
rCorr   +            i - +2 pair of gloves
SInv    +            V - +2 pair of boots "Eroepn" {rElec rCorr Dex-2 Slay+5}
Will    ++...        X - amulet "Pisenol" {rC+ rN+ Regen+} Stlth
                     Y - ring of Mosaen {rPois Int+6 SInv}
HPRegen 1.31/turn    j - +5 ring of evasion
MPRegen 0.20/turn

%: random rage (3%), reflection
@: on berserk cooldown, flying, slowed, studying 3 skills, lightly drained, very
slow
A: horns 2, retaliatory headbutt, berserk 1, clumsy 2, deformed body,
deterioration 2, dopey 2, frail 3, low MP 1, strong 1, no potion heal 1, subdued
magic 1, inability to drink after injury 1, MP-powered wands
0: Orb of Zot
}: 5/15 runes: serpentine, barnacled, slimy, silver, abyssal
a: Renounce Religion, Heroism, Finesse, Duel


You were on level 11 of the Dungeon.
You worshipped Okawaru.
Okawaru was exalted by your worship.
You visited 12 branches of the dungeon, and saw 56 of its levels.
You visited the Abyss 1 time.
You visited 2 bazaars.
You also visited: Bailey, Ice Cave and Wizlab.

You collected 10359 gold pieces.
You spent 2592 gold pieces at shops.

Inventory:

Hand Weapons
 o - the +8 mithril axe "Arga" {speed, Will+}
   (Okawaru gifted it to you on level 13 of the Dungeon)

   Will+:     It increases your willpower.
 B - a +9 heavy broad axe (weapon)
 J - a +5 broad axe of flaming
Armour
 c - the +0 pair of boots of Gehenna {*Corrode rF+ Regen+ Dex+4}
   (You found it on level 3 of the Vaults)

   Dex+4:     It affects your dexterity (+4).
   rF+:       It protects you from fire.
   Regen+:    It increases your rate of health regeneration.
   *Corrode:  It may corrode you when you take damage.
 f - the +0 pair of boots "Boitrus" {rF+ rC+ Will+ rCorr Str-4}
   (You found it on level 3 of the Elven Halls)

   Str-4:     It affects your strength (-4).
   rF+:       It protects you from fire.
   rC+:       It protects you from cold.
   Will+:     It increases your willpower.
   rCorr:     It protects you from acid and corrosion.
 i - a +2 pair of gloves (worn)
 y - the scarf of Zoitwypa (worn) {rC+ rF+, rCorr Int+5}
   (You found it on level 12 of the Dungeon)

   Int+5:     It affects your intelligence (+5).
   rCorr:     It protects you from acid and corrosion.
 z - a +5 kite shield of reflection (worn)
 G - the +9 plate armour of Eted (worn) {Fly rElec rPois}
   (Okawaru gifted it to you on level 13 of the Dungeon)

   rElec:     It insulates you from electricity.
   rPois:     It protects you from poison.
   Fly:       It grants you flight.
 V - the +2 pair of boots "Eroepn" (worn) {rElec rCorr Dex-2 Slay+5}
   (You found it on level 5 of the Pits of Slime)

   Dex-2:     It affects your dexterity (-2).
   Slay+5:    It affects your accuracy & damage with ranged weapons and melee
   (+5).
   rElec:     It insulates you from electricity.
   rCorr:     It protects you from acid and corrosion.
 W - the +2 hat of Hedging (worn) {rElec rPois rF++ Int-5}
   (You acquired it on level 1 of the Shoals)

   Int-5:     It affects your intelligence (-5).
   rF++:      It greatly protects you from fire.
   rElec:     It insulates you from electricity.
   rPois:     It protects you from poison.
Jewellery
 a - a ring of flight
 b - a ring of poison resistance
 j - a +5 ring of evasion (right hand)
 t - a ring of resist corrosion
 S - a ring of protection from cold
 T - the amulet "Pipt" {+Blink rN+ Regen+ Stlth+}
   (You bought it in a shop on level 2 of the Orcish Mines)

   [amulet of regeneration]

   rN+:       It protects you from negative energy.
   +Blink:    It lets you blink.
   Regen+:    It increases your rate of health regeneration.
   Stlth+:    It makes you more stealthy.
 X - the amulet "Pisenol" (around neck) {rC+ rN+ Regen+}
   (You found it on level 3 of the Elven Halls)

   [amulet of regeneration]

   rC+:       It protects you from cold.
   rN+:       It protects you from negative energy.
   Regen+:    It increases your rate of health regeneration.
 Y - the ring of Mosaen (left hand) {rPois Int+6 SInv}
   (You found it on level 3 of the Elven Halls)

   [ring of intelligence]

   Int+6:     It affects your intelligence (+6).
   rPois:     It protects you from poison.
   SInv:      It lets you see invisible.
Wands
 m - a wand of light (30)
 O - a wand of digging (19)
 U - a wand of polymorph (2)
Scrolls
 d - 2 scrolls of fear
 k - 25 scrolls of teleportation
 n - 3 scrolls of blinking
 u - 7 scrolls of immolation
 A - 5 scrolls of revelation
 D - 10 scrolls of fog
 F - 3 scrolls of silence
 N - 5 scrolls of enchant armour
Potions
 e - 8 potions of enlightenment
 g - 5 potions of ambrosia
 h - 22 potions of curing
 s - 5 potions of magic
 v - 5 potions of attraction
 x - 2 potions of resistance
 C - 2 potions of berserk rage
 E - 5 potions of mutation
 K - 3 potions of heal wounds
 P - 4 potions of cancellation
 R - 2 potions of might
Miscellaneous
 w - a tin of tremorstones (2/2)
 L - a lightning rod (4/4)


   Skills:
 + Level 26.3 Fighting
 + Level 26.3 Axes
 + Level 26.3 Armour
 + Level 24.3 Dodging
 + Level 26.4 Shields
 - Level 10.0 Invocations


You had 26 spell levels left.
You didn't know any spells.
Your spell library contained the following spells:

 Spells                   Type           Power      Damage    Failure   Level
 Foxfire                  Conj/Fire      0%         2x1d4     78%         1
 Freeze                   Ice            0%         1d3       78%         1
 Magic Dart               Conj           0%         1d3       78%         1
 Necrotise                Necr           0%         1d4       78%         1
 Shock                    Conj/Air       0%         1d3       78%         1
 Slow                     Hex            0%         N/A       78%         1
 Sting                    Conj/Alch      0%         1d3       78%         1
 Blink                    Tloc           0%         N/A       89%         2
 Cigotuvi's Dreadful Rot  Necr/Alch/Air  0%         N/A       89%         2
 Lesser Beckoning         Tloc           0%         N/A       89%         2
 Mercury Vapours          Alch/Air       0%         N/A       89%         2
 Momentum Strike          Conj/Tloc      0%         3d8       89%         2
 Searing Ray              Conj           0%         2d4       89%         2
 Static Discharge         Conj/Air       0%         3-3/arc   89%         2
 Sublimation of Blood     Necr           0%         N/A       89%         2
 Confusing Touch          Hex            0%         N/A       99%         3
 Dazzling Flash           Conj/Hex       0%         N/A       99%         3
 Frozen Ramparts          Ice            0%         1d1       99%         3
 Hailstorm                Conj/Ice       0%         3d5       99%         3
 Inner Flame              Hex/Fire       0%         N/A       99%         3
 Mephitic Cloud           Conj/Alch/Air  0%         N/A       99%         3
 Ozocubu's Armour         Ice            0%         N/A       99%         3
 Passwall                 Erth           0%         N/A       99%         3
 Sigil of Binding         Hex            0%         N/A       99%         3
 Stone Arrow              Conj/Erth      0%         3d7       99%         3
 Swiftness                Air            0%         N/A       99%         3
 Vampiric Draining        Necr           0%         2d6       99%         3
 Volatile Blastmotes      Fire/Tloc      0%         2d10      99%         3
 Airstrike                Air            0%         2d(0-16)  100%        4
 Anguish                  Hex/Necr       0%         N/A       100%        4
 Cause Fear               Hex            0%         N/A       100%        4
 Dimensional Bullseye     Hex/Tloc       0%         N/A       100%        4
 Dispel Undead            Necr           0%         3d6       100%        4
 Flame Wave               Conj/Fire      0%         2d4       100%        4
 Fulminant Prism          Conj/Alch      0%         3d5       100%        4
 Ignite Poison            Fire/Alch      0%         N/A       100%        4
 Iskenderun's Mystic Bla  Conj/Tloc      0%         2d3       100%        4
 Leda's Liquefaction      Alch/Erth      0%         N/A       100%        4
 Olgreb's Toxic Radiance  Alch           0%         N/A       100%        4
 Passage of Golubria      Tloc           0%         N/A       100%        4
 Petrify                  Alch/Erth      0%         N/A       100%        4
 Sticky Flame             Fire/Alch      0%         2d4       100%        4
 Vhi's Electric Charge    Tloc/Air       0%         N/A       100%        4
 Arcjolt                  Conj/Air       0%         1d10      100%        5
 Curse of Agony           Necr           0%         N/A       100%        5
 Fireball                 Conj/Fire      0%         3d3       100%        5
 Freezing Cloud           Conj/Ice/Air   0%         6-21      100%        5
 Iskenderun's Battlesphe  Conj           0%         2d6       100%        5
 Lee's Rapid Deconstruct  Erth           0%         3d4*      100%        5
 Metabolic Englaciation   Hex/Ice        0%         N/A       100%        5
 Silence                  Hex/Air        0%         N/A       100%        5
 Bombard                  Conj/Erth      0%         9d1       100%        6
 Plasma Beam              Fire/Air       0%         2x1d10    100%        6
 Starburst                Conj/Fire      0%         6d3       100%        6
 Enfeeble                 Hex            0%         N/A       100%        7
 Ozocubu's Refrigeration  Ice            0%         4d7       100%        7
 Borgnjor's Revivificati  Necr           0%         N/A       100%        8
 Discord                  Hex            0%         N/A       100%        8
 Ignition                 Fire           0%         3d3       100%        8
 Lehudib's Crystal Spear  Conj/Erth      0%         10d2      100%        8
 Death's Door             Necr           0%         N/A       100%        9
 Polar Vortex             Ice            0%         N/A       100%        9
 Animate Armour           Summ/Erth      Unusable   N/A       N/A         4
 Martyr's Knell           Necr/Summ      Unusable   N/A       N/A         4
 Summon Blazeheart Golem  Fire/Summ      Unusable   N/A       N/A         4
 Summon Lightning Spire   Summ/Air       Unusable   N/A       N/A         4
 Sculpt Simulacrum        Ice/Alch       Unusable   N/A       N/A         6
 Infestation              Necr           Unusable   N/A       N/A         8
 Dragon's Call            Summ           Unusable   N/A       N/A         9

Dungeon Overview and Level Annotations

Branches:
Dungeon (15/15)            Temple (1/1) D:5            Lair (5/5) D:11
 Shoals (4/4) Lair:2        Snake (4/4) Lair:2        Slime (5/5) Lair:5
    Orc (2/2) D:11            Elf (3/3) Orc:2        Vaults (5/5) D:14
  Crypt (3/3) Vaults:2       Tomb (0/3) Crypt:3      Depths (4/4) D:15
    Zot (5/5) Depths:4     Bailey (visited)           IceCv (visited)
 WizLab (visited)

Altars:
Ashenzari
Cheibriados
Dithmenos
Elyvilon
Fedhas
Gozag
Hepliaklqana
Kikubaaqudgha
Makhleb
Nemelex Xobeh
Okawaru
Qazlal
Ru
Sif Muna
Trog
Uskayaw
Vehumet
Wu Jian
Xom
Yredelemnul
Zin
The Shining One
Jiyva

Shops:
D:4 :   D:8 :   D:10 *   D:14 (   D:15 :   Orc:2 [=([   Elf:2 *   Shoals:3 ([[
Snake:2 :   Snake:4 *?   Vaults:2 *   Depths:1 =

Portals:
Hell: Depths:1 Depths:2 Depths:3 Depths:4
Abyss: Orc:2 Depths:3 Depths:4
Pandemonium: Depths:2
Ziggurat: Depths:1
Trove: Vaults:4 (give +6 demon blade)

Annotations:
Orc:2 2 transporters, Majang's ghost, journeyman SpSh
Elf:3 2 transporters, Jannitor's ghost, veteran DrHs


Innate Abilities, Weirdness & Mutations

You have a pair of horns on your head.
You reflexively headbutt those who attack you in melee.
You sometimes lose your temper in combat.
You are very clumsy. (Dex -4)
Armour fits poorly on your strangely shaped body.
Your body often deteriorates upon taking damage.
You are very dopey. (Int -4)
You are extremely frail. (-30% HP)
Your magical capacity is low. (-10% MP)
Your muscles are strong. (Str +4, Int/Dex -1)
Potions are less effective at restoring your health.
Your spells are a little easier to cast, but a little less powerful.
You occasionally lose the ability to drink potions when taking damage.
You expend magic power (3 MP) to strengthen your wands.


Message History

Unknown command.
Unknown command.
You feel a strong urge to attack something.
There is a stone staircase leading down here.
You feel your anger nearly subside.
You are no longer berserk.
You are exhausted.
You feel yourself slow down.
A Qiwos and a lich come into view.
Qiwos moves out of view.
The lich moves out of view.
Aiming: Dig
Press: ? - help, Shift-Dir - straight line A rock wall.
This square is covered in magical glow.
You feel a surge of power!
The rock shatters into small pieces.
Qiwos misses you. You block Qiwos's attack.
There is a stone staircase leading up here.
Qiwos hits you but does no damage. Space warps around you.
Qiwos hits you but does no damage. Space warps around you. Qiwos misses you.
You fly upwards.
There is a stone staircase leading down here.
Unknown command.
Unknown command.
You slash Qiwos! You headbutt Qiwos!
Qiwos is lightly wounded.
You block Qiwos's attack. Qiwos hits you but does no damage.
Space warps around you. Qiwos hits you! Space warps horribly around you!
* * * LOW HITPOINT WARNING * * *
You slice Qiwos!!
Qiwos is lightly wounded.
Qiwos hits you but does no damage.
You blink.
You block Qiwos's attack. Qiwos hits you!!
* * * LOW HITPOINT WARNING * * *
You blink.
There is a stone staircase leading down, spattered with blood here.
Qiwos hits you!!
* * * LOW HITPOINT WARNING * * *
Your body deteriorates!
You feel dopey. Space warps horribly around you!
You die...

..♣..##.###.#
#####.#
.÷..........#
#.....#
#..##########
#.##### #.##
#.# #†# #.#
#.# #§#
#.####### #.#
........# #&#
#######.# #@#
#.# #># #.#
#.# ##.## #.#
##...#######.#
#............#
##...#########
##.## ###


You could see Qiwos.

Vanquished Creatures
  the Royal Jelly (Slime:5)
  4 dread liches
  7 orbs of fire
  3 ancient liches
  Mennas (Crypt:1)
  A juggernaut (Depths:3)
  The ghost of Leown the Sniper, a legendary KoDe of Makhleb (Zot:4)
  A pandemonium lord (Depths:4)
  2 Killer Klowns
  Vashnia (Snake:4)
  The ghost of Hauff the Metallomancer, a veteran GrEE of Ashenzari (Depths:4)
  4 curse toes
  11 golden dragons
  2 caustic shrikes
  2 profane servitors
  2 bone dragons (Crypt:3)
  the Enchantress (Depths:1)
  The ghost of Etzesk the Imperceptible, a veteran TeGl of Uskayaw (Depths:4)
  The ghost of Xiaz the Unseen, a veteran KoBr of Wu Jian (Depths:4)
  2 Tzitzimimeh
  A Hell Sentinel (Depths:3)
  Jorgrun (Shoals:3)
  7 electric golems
  20 tentacled monstrosities
  27 Orb Guardians
  A walking earthen tome (Depths:3)
  7 liches
  2 walking divine tomes
  2 deep elf master archers (Elf:3)
  An Executioner (Abyss:3)
  9 quicksilver dragons
  2 deep elf blademasters (Elf:3)
  A titan (Shoals:2)
  10 sphinxes
  12 acid blobs
  Frances (Elf:1)
  13 death cobs
  8 ancient champions
  Gastronok (Lair:3)
  16 shadow dragons
  4 tengu reavers
  3 nagarajas (Snake:4)
  10 rockslimes
  10 storm dragons
  Aizul (Shoals:4)
  12 azure jellies
  5 fire giants
  3 revenants
  4 draconian monks
  2 protean progenitors (Zot:3)
  2 draconian knights (Zot:4)
  11 frost giants
  11 vault wardens
  10 deep elf sorcerers
  A draconian scorcher (Zot:2)
  2 iron dragons (Vaults:5)
  4 draconian shifters
  3 spectral caustic shrikes (Depths:4)
  A curse skull (Crypt:2)
  5 ghouls
  2 orc warlords
  The ghost of ouz the Spry, an adept FeSh of Gozag (Snake:4)
  2 draconian stormcallers
  11 ironbound preservers
  4 formless jellyfish
  2 deep elf elementalists (Elf:3)
  4 spriggan defenders
  3 draconian annihilators
  13 stone giants
  28 very ugly things
  3 caustic shrike skeletons (Crypt:3)
  11 quicksilver oozes
  8 ironbound thunderhulks
  6 vampire knights
  5 green draconians
  10 deep elf death magi
  2 elemental wellsprings (Shoals:1)
  5 deep elf annihilators (Elf:3)
  16 purple draconians
  6 white draconians
  7 black draconians
  9 deep elf demonologists
  3 dire elephants (Vaults:3)
  The ghost of ouz the Carver, a journeyman CoWr of Cheibriados (Lair:3)
  4 yellow draconians
  15 spark wasps
  5 red draconians
  3 minotaurs
  2 war gargoyles
  2 eidola (Crypt:3)
  7 statues (WizLab)
  Azrael (D:14)
  5 merfolk javelineers
  A crystal guardian (Vaults:3)
  9 merfolk impalers
  22 ettins
  8 fire dragons
  7 jiangshi (Crypt:2)
  A green death (Depths:2)
  An entropy weaver (shapeshifter) (D:15)
  4 deep elf high priests
  4 spriggan air magi
  10 yaktaur captains
  2 spriggan zombies
  5 salamander tyrants (Snake:4)
  33 vault guards
  9 hydras
  2 hell beasts (D:15)
  Harold (D:11)
  3 peacekeepers
  4 ice dragons
  8 great orbs of eyes
  4 spriggan skeletons (Crypt:3)
  8 rakshasas
  3 ogre magi
  An elf skeleton (Crypt:2)
  7 ironbound frosthearts
  13 centaur warriors
  7 merfolk avatars
  32 dancing weapons
  2 death knights
  2 merfolk aquamancers
  5 anacondas
  6 boulder beetles
  14 two-headed ogres
  5 deep troll shamans
  4 vampire magi
  2 alligator snapping turtles (Shoals:3)
  An Orb Guardian skeleton (Crypt:1)
  2 tengu warriors (D:12)
  9 deep troll earth magi
  10 satyrs
  6 naga warriors
  10 death yaks
  10 spriggan berserkers
  7 shock serpents
  A thrashing horror (Abyss:3)
  19 naga sharpshooters
  3 occultists
  14 hell knights
  3 soul eaters
  A sun demon (D:14)
  An emperor scorpion zombie (Crypt:3)
  A skyshark (shapeshifter) (Depths:3)
  10 skysharks
  Nergalle (Lair:1)
  2 shadow wraiths
  2 salamander mystics (Snake:4)
  15 deep elf knights
  2 wretched stars (Abyss:3)
  A golden dragon zombie (Crypt:3)
  6 iron trolls
  61 skeletal warriors
  A glowing orange brain (Vaults:2)
  8 mana vipers
  7 sea snakes
  41 deep trolls
  Lodul (D:14)
  5 arcanists
  10 flayed ghosts
  5 large abominations
  A tengu zombie (Vaults:4)
  10 deep elf archers
  3 bog bodies
  A spriggan simulacrum (Crypt:3)
  11 phantasmal warriors
  8 lindwurms
  3 bunyip skeletons (Crypt:3)
  16 necromancers
  9 naga ritualists
  A steelbarb worm (shapeshifter) (Depths:1)
  12 orc knights
  A golden dragon skeleton (Crypt:3)
  4 thermic dynamos
  13 ironbound convokers
  28 deep elf zephyrmancers
  A wolf spider zombie (D:15)
  30 deep elf pyromancers
  8 shining eyes
  2 shining eyes (shapeshifter)
  18 harpies
  30 ugly things
  2 anaconda skeletons (Crypt:3)
  2 stone giant zombies
  28 moths of wrath
  3 orc sorcerers
  10 cyclopes
  20 elephants
  13 manticores
  A faun (shapeshifter) (Depths:3)
  9 fauns
  A centaur zombie (D:15)
  2 kobold blastminers (Orc:2)
  11 merfolk sirens
  A meliai (D:14)
  13 salamanders
  An ice statue (IceCv)
  An eleionoma skeleton (Crypt:1)
  13 vault sentinels
  A stone giant skeleton (Crypt:3)
  2 molten gargoyles (Lair:5)
  An eye of devastation (shapeshifter) (Vaults:5)
  19 naga magi
  3 water nymphs
  34 black mambas
  A guardian serpent (Snake:2)
  Maggie (D:8)
  2 torpor snails
  A torpor snail (shapeshifter) (Vaults:5)
  Jeremiah (D:8)
  21 cane toads
  An eye of devastation (Depths:1)
  A kobold demonologist (D:13)
  A dire elephant skeleton (Crypt:3)
  21 yaktaurs
  A tormentor (D:15)
  14 rime drakes
  8 komodo dragons
  A hellion (Depths:2)
  An unseen horror (D:12)
  Psyche (D:8)
  2 efreet
  A komodo dragon (shapeshifter) (Vaults:5)
  A yellow draconian zombie (Crypt:2)
  21 tengu conjurers
  5 freezing wraiths
  A redback zombie (D:15)
  A swamp worm zombie (Crypt:1)
  A silent spectre (Abyss:3)
  A guardian mummy (Crypt:3)
  An ice devil (Depths:3)
  A white draconian skeleton (Crypt:2)
  A human skeleton (Vaults:3)
  10 trolls
  8 polar bears
  A shadow dragon simulacrum (Vaults:3)
  A death drake zombie (Crypt:3)
  19 merfolk
  3 hornets
  A tarantella (shapeshifter) (Elf:3)
  10 blink frogs
  4 wind drakes
  2 wolf spider simulacra
  A hydra skeleton (Crypt:3)
  3 harpy skeletons (Crypt:3)
  An ettin zombie (Vaults:4)
  9 dream sheep
  A dream sheep (shapeshifter) (Depths:1)
  5 glass eyes
  4 snapping turtles
  3 ettin skeletons (Crypt:3)
  4 air elementals
  90 slime creatures
  2 deep troll skeletons
  A culicivora (shapeshifter) (Vaults:5)
  4 spriggans
  2 shadows
  22 water elementals
  A black mamba zombie (Crypt:3)
  An elf zombie (Vaults:4)
  A black mamba skeleton (Crypt:3)
  Eustachio (D:4)
  5 golden eyes
  10 wyverns
  2 humans (D:12)
  2 fire bats (Abyss:3)
  51 yaks
  12 basilisks
  4 wraiths
  A yak (shapeshifter) (D:14)
  A golden eye (shapeshifter) (D:12)
  14 vampire mosquitoes
  2 wargs
  3 fire elementals
  6 steam dragons
  Menkaure (D:5)
  A redback (shapeshifter) (Vaults:5)
  A faun zombie (Crypt:1)
  26 nagas
  An ogre zombie (Vaults:3)
  An acid dragon (D:9)
  16 water moccasins
  Duvessa (D:5)
  6 hell hounds
  39 orc warriors
  An ogre skeleton (Vaults:3)
  An ice beast (D:6)
  23 laughing skulls
  A sky beast (D:4)
  A black bear (D:6)
  19 ogres
  A lindwurm skeleton (Crypt:3)
  17 wolves
  9 boggarts (D:14)
  17 centaurs
  A yaktaur zombie (Crypt:3)
  2 kobold brigands
  13 bullfrogs
  A scorpion (D:6)
  A yaktaur skeleton (Crypt:2)
  2 earth elementals
  12 wights
  16 killer bees
  Dowan (D:5)
  7 howler monkeys
  4 electric eels
  5 lava snakes (Lair:5)
  4 bombardier beetles
  A bullfrog zombie (Crypt:2)
  A hound (D:6)
  4 jellies
  2 centaur skeletons
  2 gnoll boudas
  12 orc priests
  4 iguanas
  11 orc wizards
  A sleepcap (D:6)
  A killer bee zombie (Crypt:1)
  An ice beast zombie (Crypt:2)
  A crocodile skeleton (Crypt:2)
  12 mummies (Crypt:3)
  9 gnolls
  14 adders
  5 white imps
  An ufetubus (D:6)
  2 dart slugs
  A ribbon worm (D:3)
  95 orcs
  8 bats
  8 endoplasms
  2 giant cockroaches
  13 goblins
  8 hobgoblins
  A quokka (D:1)
  11 ball pythons
  A ball python zombie (Crypt:1)
  5 frilled lizards
  A jackal skeleton (Crypt:2)
  19 kobolds
  An orc skeleton (Crypt:1)
  6 rats
  An aspiring flesh (Zot:3)
2386 creatures vanquished.

Vanquished Creatures (others)
  A fire dragon (Depths:4)
  A deep elf knight (Elf:2)
  A deep elf archer (Elf:3)
  A wight (D:9)
  3 orcs (D:7)
  2 starspawn tentacles (Abyss:3)
9 creatures vanquished.

Grand Total: 2395 creatures vanquished

Notes
Turn   | Place    | Note
-------+----------+-------------------------------------------
     0 | D:1      | jdvbjdbfj the Minotaur Fighter began the quest for the Orb.
     0 | D:1      | Reached XP level 1. HP: 19/19 MP: 0/0
    82 | D:1      | Reached XP level 2. HP: 27/27 MP: 1/1
   364 | D:1      | Reached skill level 1 in Dodging
   449 | D:1      | Reached XP level 3. HP: 33/33 MP: 2/2
  1688 | D:3      | Reached XP level 4. HP: 40/40 MP: 3/3
  2058 | D:3      | Found a blossoming altar of Fedhas.
  2189 | D:3      | Identified the +9 chain mail "Enael" {rElec Int-5 Dex+2
                  | Slay+2}
  2243 | D:4      | Reached XP level 5. HP: 29/47 MP: 4/4
  2253 | D:4      | HP: 1/47 [gnoll/+0 spear[a gnoll bouda] (6)]
  2397 | D:4      | Found a hazy altar of Hepliaklqana.
  2468 | D:4      | Noticed Eustachio
  2479 | D:4      | Killed Eustachio
  2480 | D:4      | Reached skill level 5 in Armour
  2480 | D:4      | Reached skill level 5 in Shields
  2480 | D:4      | Reached XP level 6. HP: 26/55 MP: 5/5
  2521 | D:4      | Found Tazit's Book Shoppe.
  2530 | D:4      | Reached skill level 5 in Fighting
  2538 | D:4      | Noticed a sky beast
  2546 | D:4      | Killed a sky beast
  2611 | D:4      | Found a burning altar of Makhleb.
  2906 | D:4      | Reached XP level 7. HP: 47/61 MP: 6/6
  3157 | D:5      | Entered Level 5 of the Dungeon
  3157 | D:5      | Noticed Menkaure
  3307 | D:5      | Killed Menkaure
  3369 | D:5      | Reached skill level 5 in Axes
  3523 | D:5      | Found a staircase to the Ecumenical Temple.
  3767 | D:5      | Noticed Dowan
  3769 | D:5      | Noticed Duvessa
  3780 | D:5      | Killed Duvessa
  3788 | D:5      | Killed Dowan
  3927 | D:6      | Reached XP level 8. HP: 21/63 MP: 7/7
  3987 | D:6      | Found an ornate altar of the Wu Jian Council.
  4041 | D:6      | Noticed a troll
  4046 | D:6      | Killed a troll
  4047 | D:6      | Reached skill level 5 in Dodging
  4201 | D:6      | Found a glowing golden altar of the Shining One.
  4202 | D:6      | Found a white marble altar of Elyvilon.
  4203 | D:6      | Found a glowing silver altar of Zin.
  4226 | D:6      | Noticed a troll
  4236 | D:6      | Killed a troll
  4237 | D:6      | Reached XP level 9. HP: 55/79 MP: 8/8
  4268 | Temple   | Entered the Ecumenical Temple
  4282 | Temple   | Became a worshipper of Warmaster Okawaru
  4667 | D:6      | Reached * piety under Okawaru
  4881 | D:6      | Found a sparkling altar of Nemelex Xobeh.
  5517 | D:7      | Found a bloodstained altar of Trog.
  6142 | D:8      | Reached ** piety under Okawaru
  6339 | D:8      | Reached XP level 10. HP: 88/90 MP: 9/9
  6439 | D:8      | Found Bozastu's Self-Improvement Boutique.
  6540 | D:8      | Noticed Psyche
  6579 | D:8      | Killed Psyche
  6909 | D:8      | Noticed Jeremiah
  6930 | D:8      | Killed Jeremiah
  6954 | D:8      | Noticed Maggie
  6968 | D:8      | Killed Maggie
  6968 | D:8      | Reached *** piety under Okawaru
  7062 | D:9      | Found a flagged portal.
  7132 | Bailey   | Entered a bailey
  7362 | Bailey   | Found a large runed translucent door.
  7362 | Bailey   | Found a large runed translucent door.
  7363 | Bailey   | Noticed a deep elf pyromancer
  7363 | Bailey   | Noticed an orc knight
  7532 | Bailey   | Killed an orc knight
  7621 | Bailey   | Killed a deep elf pyromancer
  7631 | Bailey   | Identified the quicksilver dragon scales of Shadows and Fog
                  | {rElec rC+ Will+ MP-9 Dex+2}
  7985 | D:9      | Reached **** piety under Okawaru
  8033 | D:9      | Noticed a two-headed ogre
  8038 | D:9      | Killed a two-headed ogre
  8039 | D:9      | Reached XP level 11. HP: 90/99 MP: 1/10
  8235 | D:9      | Reached skill level 10 in Armour
  8235 | D:9      | Reached skill level 10 in Shields
  8354 | D:9      | Found a radiant altar of Vehumet.
  8419 | D:10     | Entered Level 10 of the Dungeon
  8442 | D:10     | Reached skill level 10 in Fighting
  8471 | D:10     | Reached ***** piety under Okawaru
  8574 | D:10     | Reached skill level 10 in Axes
  8711 | D:10     | Found Xucholoes's General Store.
  9499 | D:11     | Received a gift from Okawaru
  9552 | D:11     | Noticed a purple ugly thing
  9574 | D:11     | Killed a purple ugly thing
  9708 | D:11     | Found a staircase to the Lair.
  9797 | D:11     | Found a shimmering blue altar of Sif Muna.
  9813 | D:11     | Identified a scroll of acquirement
  9813 | D:11     | Acquired 855 gold pieces
  9890 | D:11     | Noticed a two-headed ogre
  9905 | D:11     | Killed a two-headed ogre
  9972 | D:11     | Noticed Harold
  9983 | D:11     | Killed Harold
  9983 | D:11     | Received a gift from Okawaru
  9984 | D:11     | Reached XP level 12. HP: 106/110 MP: 2/11
 10153 | D:11     | Found a staircase to the Orcish Mines.
 10552 | D:12     | Reached skill level 10 in Dodging
 10554 | D:12     | Found a flickering gateway to a bazaar.
 10559 | D:12     | Identified the scarf of Zoitwypa {rC+ rF+, rCorr Int+5}
 10567 | Bazaar   | Entered a bazaar
 10567 | Bazaar   | Found Viavvuetz's Jewellery Emporium.
 10581 | Bazaar   | Found Cinuatz's Magic Scroll Emporium.
 10598 | Bazaar   | Found Tufof's Antique Armour Emporium.
 10673 | Bazaar   | Bought a translucent chain mail for 199 gold pieces
 10673 | Bazaar   | Identified the +0 chain mail of the Raven {*Corrode rElec
                  | rC+ Dex+3} (You bought it in a shop in a bazaar)
 10699 | Bazaar   | Bought 2 scrolls of teleportation for 60 gold pieces
 10699 | Bazaar   | Bought a scroll of blinking for 75 gold pieces
 10699 | Bazaar   | Bought a scroll of teleportation for 30 gold pieces
 10699 | Bazaar   | Bought a scroll of revelation for 75 gold pieces
 10699 | Bazaar   | Bought a scroll of revelation for 75 gold pieces
 10699 | Bazaar   | Bought a scroll of teleportation for 30 gold pieces
 10699 | Bazaar   | Bought a scroll of identify for 20 gold pieces
 10923 | D:12     | Received a gift from Okawaru
 10995 | D:12     | Gained mutation: You are robust. (+10% HP) [potion of
                  | mutation]
 10995 | D:12     | Gained mutation: You expend magic power (3 MP) to
                  | strengthen your wands. [potion of mutation]
 11071 | D:12     | Noticed a tengu warrior
 11082 | D:12     | Killed a tengu warrior
 11135 | D:12     | Noticed a two-headed ogre
 11146 | D:12     | Killed a two-headed ogre
 11259 | D:12     | Received a gift from Okawaru
 11381 | D:12     | Noticed a seven-headed hydra
 11476 | D:13     | Noticed a boulder beetle
 11507 | D:13     | Killed a boulder beetle
 11522 | D:13     | Identified the +3 leather armour of Ennuomi {-Tele Regen+
                  | rCorr Dex+2}
 11572 | D:13     | Noticed an eight-headed hydra
 11578 | D:13     | Found a flickering gateway to a bazaar.
 11581 | Bazaar   | Entered a bazaar
 11599 | Bazaar   | Found Pubut's Magic Scroll Shop.
 11609 | Bazaar   | Found Zuikyixysi's Armour Emporium.
 11634 | Bazaar   | Found Robyziewk's Jewellery Boutique.
 11639 | Bazaar   | Found Hiuf's Antique Armour Shoppe.
 11643 | Bazaar   | Found Zaikk's Antique Armour Shoppe.
 11697 | Bazaar   | Bought a scroll of immolation for 56 gold pieces
 11697 | Bazaar   | Bought a scroll of enchant armour for 105 gold pieces
 11697 | Bazaar   | Bought a scroll of fog for 56 gold pieces
 11697 | Bazaar   | Bought a scroll of teleportation for 42 gold pieces
 11697 | Bazaar   | Bought a scroll of fear for 56 gold pieces
 11697 | Bazaar   | Bought a scroll of brand weapon for 133 gold pieces
 11697 | Bazaar   | Bought a scroll of identify for 28 gold pieces
 11697 | Bazaar   | Bought a scroll of identify for 28 gold pieces
 11827 | D:13     | Killed a five-headed hydra
 11827 | D:13     | Reached ****** piety under Okawaru
 11879 | D:13     | Noticed a centaur warrior
 11890 | D:13     | Killed a centaur warrior
 12011 | D:13     | Reached XP level 13. HP: 127/130 MP: 3/12
 12167 | D:13     | Received a gift from Okawaru
 12309 | D:13     | Acquired the +8 mithril axe "Arga" {speed, Will+}
 12309 | D:13     | Received a gift from Okawaru
 12309 | D:13     | Found the +8 mithril axe "Arga" {speed, Will+}
 12311 | D:13     | Acquired the +9 plate armour of Eted {Fly rElec rPois}
 12311 | D:13     | Received a gift from Okawaru
 12678 | D:12     | Noticed a sphinx
 12685 | D:12     | Killed a sphinx
 12807 | D:12     | Received a gift from Okawaru
 13132 | D:14     | Noticed Lodul
 13140 | D:14     | Killed Lodul
 13216 | D:14     | Received a gift from Okawaru
 13313 | D:14     | Found Nenirph's Weapon Boutique.
 13320 | D:14     | Noticed Azrael
 13336 | D:14     | Killed Azrael
 13490 | D:14     | Noticed a fire dragon
 13504 | D:14     | Killed a fire dragon
 13525 | D:14     | Reached XP level 14. HP: 128/141 MP: 2/13
 13607 | D:14     | Found a gate to the Vaults.
 13998 | Lair:1   | Entered Level 1 of the Lair of Beasts
 14040 | Lair:1   | Noticed Nergalle
 14050 | Lair:1   | Killed Nergalle
 14152 | Lair:1   | Received a gift from Okawaru
 14639 | Lair:1   | Identified the +5 shortbow "Onuqick" {speed, rC+}
 14814 | Lair:2   | Found a staircase to the Shoals.
 14898 | Lair:2   | Found a staircase to the Snake Pit.
 15057 | Lair:2   | Identified the +2 short sword "Qitteximm" {venom, *Noise
                  | Will+ Dex+3}
 15502 | Lair:2   | Received a gift from Okawaru
 15542 | Lair:3   | Found a runed translucent gate.
 15542 | Lair:3   | Found a runed translucent gate.
 15542 | Lair:3   | Found a runed translucent gate.
 16183 | Lair:3   | Noticed Gastronok
 16199 | Lair:3   | Killed Gastronok
 16199 | Lair:3   | Received a gift from Okawaru
 16308 | Lair:3   | Noticed ouz's ghost (journeyman CoWr)
 16513 | Lair:3   | Killed ouz's ghost
 16589 | Lair:3   | Acquired a +4 heavy broad axe
 16685 | Lair:4   | Found a frozen archway.
 16701 | IceCv    | Entered an ice cave
 16730 | IceCv    | Received a gift from Okawaru
 16771 | IceCv    | Reached XP level 15. HP: 149/152 MP: 5/14
 16870 | IceCv    | Reached skill level 15 in Shields
 16896 | IceCv    | Reached skill level 15 in Armour
 16967 | IceCv    | Noticed a frost giant
 16983 | IceCv    | Killed a frost giant
 16998 | IceCv    | Reached skill level 15 in Fighting
 17256 | Lair:4   | Received a gift from Okawaru
 17319 | Lair:4   | Reached skill level 15 in Axes
 17714 | Lair:5   | Entered Level 5 of the Lair of Beasts
 17904 | Lair:5   | Received a gift from Okawaru
 18115 | Lair:5   | Found a viscous altar of Jiyva.
 18115 | Lair:5   | Found a staircase to the Slime Pits.
 18296 | Lair:5   | Found a large runed translucent door.
 18296 | Lair:5   | Found a large runed translucent door.
 18594 | Lair:5   | Received a gift from Okawaru
 19263 | Orc:1    | Entered Level 1 of the Orcish Mines
 19446 | Orc:2    | Entered Level 2 of the Orcish Mines
 19446 | Orc:2    | Found a staircase to the Elven Halls.
 19945 | Orc:2    | Reached XP level 16. HP: 160/166 MP: 6/15
 20045 | Orc:2    | Noticed Majang's ghost (journeyman SpSh)
 20119 | Orc:2    | Found a transporter.
 20413 | Orc:2    | Found Kaxkacoh's Antique Weapon Boutique.
 20413 | Orc:2    | Found Ommuhu's Jewellery Shoppe.
 20415 | Orc:2    | Found Yblut's Armour Emporium.
 20417 | Orc:2    | Found Iraenoci's Antique Armour Shop.
 20422 | Orc:2    | Bought the amulet "Pipt" {+Blink rN+ Regen+ Stlth+} for 510
                  | gold pieces
 20599 | Orc:2    | Found a one-way gate to the infinite horrors of the Abyss.
 20621 | Orc:2    | Found a transporter.
 20829 | D:15     | Entered Level 15 of the Dungeon
 20942 | D:15     | Received a gift from Okawaru
 21009 | D:15     | Found a white marble altar of Elyvilon.
 21189 | D:15     | Found Omyasacu's Book Shoppe.
 21346 | D:15     | Found a staircase to the Depths.
 21356 | D:15     | Received a gift from Okawaru
 21901 | Snake:1  | Entered Level 1 of the Snake Pit
 22297 | Snake:1  | Reached skill level 15 in Dodging
 22674 | Snake:2  | Received a gift from Okawaru
 22733 | Snake:2  | Got the Exposition on Bones and Coordinates
 22783 | Snake:2  | Found Qeikoiw's Book Boutique.
 23710 | Snake:3  | Received a gift from Okawaru
 23811 | Snake:3  | Got Lemmaf's Cyclopedia of the Congealing Athanor
 24194 | Snake:4  | Entered Level 4 of the Snake Pit
 24323 | Shoals:1 | Entered Level 1 of the Shoals
 24382 | Shoals:1 | Found a runed translucent door.
 24385 | Shoals:1 | Identified the +2 leather armour of Laaroma {-Cast +Inv
                  | Dex+4}
 24399 | Shoals:1 | Reached XP level 17. HP: 126/177 MP: 14/16
 24408 | Shoals:1 | Received a gift from Okawaru
 24505 | Shoals:1 | Identified the +4 quarterstaff of Pestilence {holy, Will+}
 24643 | Shoals:1 | Acquired the +2 hat of Hedging {rElec rPois rF++ Int-5}
 25445 | Shoals:2 | Received a gift from Okawaru
 25648 | Shoals:2 | Found a hazy altar of Hepliaklqana.
 26302 | Shoals:2 | Noticed a titan
 26376 | Shoals:2 | Killed a titan
 26492 | Shoals:3 | Found Miaved's Antique Armour Boutique.
 26492 | Shoals:3 | Found Tyagajaj's Antique Weapon Boutique.
 26679 | Shoals:3 | Found Vyzxedd's Antique Armour Shoppe.
 26683 | Shoals:3 | Received a gift from Okawaru
 26932 | Shoals:3 | Noticed Jorgrun
 26946 | Shoals:3 | Killed Jorgrun
 27185 | Shoals:4 | Entered Level 4 of the Shoals
 27225 | Shoals:4 | Identified the serpent talisman of Ru {Int+5}
 27225 | Shoals:4 | Noticed Aizul
 27241 | Shoals:4 | Killed Aizul
 27362 | Shoals:4 | Noticed a sphinx
 27375 | Shoals:4 | Noticed a sphinx
 27379 | Shoals:3 | Killed a sphinx
 27504 | Shoals:3 | Received a gift from Okawaru
 27643 | Shoals:3 | Killed a sphinx
 27644 | Shoals:3 | Reached XP level 18. HP: 162/189 MP: 17/17
 27960 | Shoals:4 | Got a barnacled rune of Zot
 28108 | Shoals:4 | Identified the +5 rapier of Disgust {holy, ^Contam rElec
                  | rC+ Int+4}
 28699 | Snake:4  | Received a gift from Okawaru
 28769 | Snake:4  | Found a large runed translucent door.
 29628 | Snake:4  | Received a gift from Okawaru
 29643 | Snake:4  | Reached skill level 1 in Invocations
 29799 | Snake:4  | Found a large runed translucent door.
 29827 | Snake:4  | Found Keim's Magic Scroll Shop.
 29844 | Snake:4  | Bought a scroll of fog for 68 gold pieces
 29844 | Snake:4  | Bought a scroll of blinking for 127 gold pieces
 29844 | Snake:4  | Bought a scroll of teleportation for 51 gold pieces
 29921 | Snake:4  | Found Duoqecec's Assorted Antiques.
 29929 | Snake:4  | Bought a scroll of teleportation for 96 gold pieces
 29929 | Snake:4  | Bought a potion of curing for 96 gold pieces
 29986 | Snake:4  | Noticed ouz's ghost (adept FeSh)
 30011 | Snake:4  | Killed ouz's ghost
 30012 | Snake:4  | Reached skill level 5 in Invocations
 30078 | Snake:4  | Noticed Vashnia
 30109 | Snake:4  | Killed Vashnia
 30340 | Snake:4  | Got a serpentine rune of Zot
 30635 | Vaults:1 | Entered Level 1 of the Vaults
 30654 | Vaults:1 | Received a gift from Okawaru
 31966 | Vaults:2 | Noticed a dread lich
 31974 | Vaults:2 | Reached XP level 19. HP: 167/192 MP: 23/25
 31979 | Vaults:2 | Killed a dread lich
 31979 | Vaults:2 | Received a gift from Okawaru
 32034 | Vaults:2 | Reached skill level 10 in Invocations
 32132 | Vaults:2 | Identified the +3 sling of Eddikly {flame, rF+ Will+ Int+4}
 32190 | Vaults:2 | Found a staircase to the Crypt.
 32270 | Vaults:2 | Identified the ring of Joalecif {rElec Dex+6}
 32501 | Vaults:2 | Found Buoshreen's Assorted Antiques.
 32510 | Vaults:2 | Bought a potion of cancellation for 336 gold pieces
 32510 | Vaults:2 | Bought a potion of heal wounds for 210 gold pieces
 32980 | Vaults:3 | Received a gift from Okawaru
 33662 | Vaults:3 | Identified the +0 pair of boots of Gehenna {*Corrode rF+
                  | Regen+ Dex+4}
 33998 | Vaults:3 | Received a gift from Okawaru
 34628 | Vaults:4 | Found a portal to a secret trove of treasure.
 34956 | Vaults:4 | Received a gift from Okawaru
 35066 | Vaults:4 | Reached XP level 20. HP: 210/210 MP: 26/26
 35696 | Elf:1    | Entered Level 1 of the Elven Halls
 35858 | Elf:1    | Received a gift from Okawaru
 35887 | Elf:1    | Noticed Frances
 35899 | Elf:1    | Killed Frances
 36151 | Elf:1    | Paralysed by an air elemental for 1 turns
 36222 | Elf:1    | Found a shimmering blue altar of Sif Muna.
 36600 | Elf:2    | Found Qawn's CLEARANCE SALE!.
 36610 | Elf:2    | Bought a scroll of enchant armour for 15 gold pieces
 36610 | Elf:2    | Bought a scroll of blinking for 15 gold pieces
 36852 | Elf:2    | Received a gift from Okawaru
 36950 | Elf:3    | Entered Level 3 of the Elven Halls
 36974 | Elf:3    | Found a transporter.
 36993 | Elf:3    | Noticed Jannitor's ghost (veteran DrHs)
 37043 | Elf:3    | Found a transporter.
 37524 | Elf:2    | Found a runed translucent gate.
 37524 | Elf:2    | Found a runed translucent gate.
 37528 | Elf:2    | Found a runed translucent gate.
 37676 | Elf:2    | Received a gift from Okawaru
 38108 | Elf:3    | Identified the +1 robe of Makhleb's Indignation {Dex+7
                  | Slay+3}
 38126 | Elf:3    | Identified the +2 leather armour "Bohieb" {Will+ rCorr
                  | Slay+4}
 38144 | Elf:3    | Found the +3 salamander hide armour {Flames, rFlCloud rF++
                  | rC--}
 38152 | Elf:3    | Reached XP level 21. HP: 62/222 MP: 27/27
 38228 | Elf:3    | Identified the amulet "Pisenol" {rC+ rN+ Regen+}
 38247 | Elf:3    | Identified the ring of Mosaen {rPois Int+6 SInv}
 38259 | Elf:3    | Got the Almanac of Anthracomancy and Spelunking
 38260 | Elf:3    | Identified the ring "Jacrehit" {MP+9 Int+2 Dex+6}
 38272 | Elf:3    | Identified the staff of Proximity {rElec rPois Air}
 38277 | Elf:3    | Identified the +1 leather armour "Tosibog" {rPois Str-2
                  | Int+6 Dex-5}
 38287 | Elf:3    | Identified the +5 scimitar "Vistrutri" {venom, rC+ Will++
                  | Dex-3}
 38289 | Elf:3    | Identified the +5 flail "Widowmaker" {drain, *Rage rPois
                  | rN+ Stlth+}
 38290 | Elf:3    | Identified the +2 falchion of Vicen {pain, rN+ rCorr}
 38417 | Elf:3    | Identified the +7 flail of Jaem {freeze, Will+ rCorr}
 38437 | Elf:3    | Identified the amulet "Qaoka Vuve" {Acrobat Harm Regen+
                  | Str+2 Stlth+}
 38462 | Elf:3    | Received a gift from Okawaru
 38481 | Elf:3    | Identified the staff of Responsibility {rElec MP+9 Air
                  | Earth}
 38496 | Elf:3    | Identified the +0 pair of boots "Boitrus" {rF+ rC+ Will+
                  | rCorr Str-4}
 39035 | Vaults:5 | Entered Level 5 of the Vaults
 39163 | Vaults:5 | Noticed a golden dragon
 39169 | Vaults:4 | Received a gift from Okawaru
 39459 | Vaults:5 | Killed a golden dragon
 39461 | Vaults:5 | Noticed an ancient lich
 39507 | Vaults:5 | Received a gift from Okawaru
 39510 | Vaults:5 | Noticed a dread lich
 39531 | Vaults:5 | Killed a dread lich
 39557 | Vaults:5 | Noticed a golden dragon
 39574 | Vaults:5 | Killed a golden dragon
 39624 | Vaults:5 | Identified the staff of Fuotsar {Int+4 Dex+2 Earth}
 39640 | Vaults:5 | Identified the +1 war axe of Karma {freeze, rN+ rCorr
                  | Str+4}
 39697 | Vaults:5 | Identified the +2 mace "Adig Xat" {protect, rElec}
 39783 | Vaults:5 | Received a gift from Okawaru
 39825 | Abyss:3  | Cast into level 3 of the Abyss (a deep elf demonologist)
 39877 | Abyss:3  | Noticed a profane servitor
 39885 | Abyss:3  | Killed a profane servitor
 39998 | Abyss:3  | Reached XP level 22. HP: 220/234 MP: 28/28
 40023 | Abyss:3  | Got an abyssal rune of Zot
 40058 | Vaults:5 | Escaped the Abyss
 40086 | Vaults:5 | Noticed a golden dragon
 40091 | Vaults:5 | Received a gift from Okawaru
 40092 | Vaults:5 | Noticed a golden dragon
 40097 | Vaults:5 | Killed a golden dragon
 40099 | Vaults:5 | Killed a golden dragon
 40239 | Vaults:5 | Killed an ancient lich
 40545 | Vaults:5 | Got Sif Muna's Atlas of Snowing Conjuration
 40547 | Vaults:5 | Got a silver rune of Zot
 40548 | Vaults:5 | Identified the +1 leather armour of Dogmatism {Str+5
                  | Stlth+}
 41222 | Depths:1 | Entered Level 1 of the Depths
 41241 | Depths:1 | Received a gift from Okawaru
 41244 | Depths:1 | Found a one-way gateway to a ziggurat.
 41244 | Depths:1 | Found Teg Xize's Jewellery Shop.
 41253 | Depths:1 | Gained mutation: You occasionally shout uncontrollably at
                  | your foes. [a shining eye]
 41257 | Depths:1 | Gained mutation: You are agile. (Dex +4, Str/Int -1) [a
                  | shining eye]
 41260 | Depths:1 | Gained mutation: You sometimes lose your temper in combat.
                  | [a shining eye]
 41465 | Crypt:1  | Entered Level 1 of the Crypt
 41472 | Crypt:1  | Noticed Mennas
 41493 | Crypt:1  | Killed Mennas
 41717 | Crypt:1  | Identified the +3 leather armour "Miepla" {Fly Regen+
                  | Slay-4 SInv}
 41860 | Crypt:1  | Identified the +3 quarterstaff "Owneg" {heavy, Str+4 Dex+5
                  | Stlth-}
 42200 | Crypt:2  | Found a magical portal.
 42217 | WizLab   | Entered Iskenderun's Mystic Tower
 42228 | WizLab   | Received a gift from Okawaru
 42534 | WizLab   | Got the Papyrus of Lucent Quintessence
 42549 | WizLab   | Got Iskenderun's Vademecum on Striking
 42549 | WizLab   | Got Iskenderun's Octavo of Assaults
 42901 | Crypt:2  | Received a gift from Okawaru
 43062 | Crypt:2  | Reached XP level 23. HP: 246/246 MP: 29/29
 43215 | Crypt:1  | Found a basalt altar of Yredelemnul.
 43516 | Crypt:3  | Entered Level 3 of the Crypt
 43917 | Crypt:3  | Found a basalt altar of Yredelemnul.
 43964 | Crypt:3  | Received a gift from Okawaru
 44079 | Crypt:3  | Noticed an ancient lich
 44093 | Crypt:3  | Killed an ancient lich
 44366 | Crypt:3  | Found an ancient bone altar of Kikubaaqudgha.
 44485 | Crypt:3  | Found a staircase to the Tomb.
 44810 | Crypt:3  | Received a gift from Okawaru
 44879 | Crypt:3  | Identified the staff of False Accusations {rF+ rC+ Str+2
                  | Int-5 Dex+4 Ice}
 45296 | Depths:1 | Noticed the Enchantress
 45324 | Depths:1 | Killed the Enchantress
 45368 | Depths:1 | Found a gateway to Hell.
 45461 | Depths:1 | Found a stormy altar of Qazlal.
 45912 | Depths:1 | Found a runed translucent door.
 45940 | Depths:1 | Found a runed translucent door.
 45988 | Depths:1 | Noticed a caustic shrike
 45998 | Depths:1 | Killed a caustic shrike
 46005 | Depths:1 | Received a gift from Okawaru
 46045 | Depths:1 | Identified the ring "Kaixt" {rElec SInv}
 46138 | Depths:1 | Identified the +1 leather armour of Mogren Nawk {rPois rF+}
 46198 | Depths:2 | Reached XP level 24. HP: 258/258 MP: 29/29
 46636 | Depths:2 | Found a one-way gate leading to the halls of Pandemonium.
 46712 | Depths:2 | Received a gift from Okawaru
 46758 | Depths:2 | Paralysed by a sphinx for 5 turns
 47364 | Depths:3 | Received a gift from Okawaru
 47774 | Depths:3 | Noticed a juggernaut
 47782 | Depths:3 | Killed a juggernaut
 48271 | Depths:4 | Entered Level 4 of the Depths
 48325 | Depths:4 | Found a runed translucent gate.
 48328 | Depths:4 | Found a runed translucent gate.
 48329 | Depths:4 | Found a runed translucent gate.
 48330 | Depths:4 | Found an ancient bone altar of Kikubaaqudgha.
 48332 | Depths:4 | Noticed an ancient lich
 48332 | Depths:4 | Noticed Hauff's ghost (veteran GrEE)
 48332 | Depths:4 | Noticed Etzesk's ghost (veteran TeGl)
 48332 | Depths:4 | Noticed Xiaz's ghost (veteran KoBr)
 48345 | Depths:4 | Killed an ancient lich
 48351 | Depths:4 | Killed Hauff's ghost
 48351 | Depths:4 | Received a gift from Okawaru
 48355 | Depths:4 | Killed Etzesk's ghost
 48363 | Depths:4 | Killed Xiaz's ghost
 48409 | Depths:4 | Identified the amulet "Noigoggo" {Spirit Rampage Stlth+}
 48418 | Depths:4 | Identified the +0 pair of boots of Undesirable Species {Fly
                  | rN+ Int-3 Stlth+}
 48422 | Depths:4 | Got Kikubaaqudgha's Grimoire of Evil
 48520 | Depths:4 | Found a gate to the Realm of Zot.
 48580 | Depths:4 | Reached XP level 25. HP: 170/270 MP: 28/29
 48606 | Depths:4 | Received a gift from Okawaru
 48713 | Depths:4 | Got Atiewyh's Essays on the Familiar Bonfire
 49428 | Slime:1  | Entered Level 1 of the Pits of Slime
 49431 | Slime:1  | Paralysed by a formless jellyfish for 1 turns
 49549 | Slime:4  | Gained mutation: Your body sometimes deteriorates upon
                  | taking damage. [a shining eye]
 49552 | Slime:4  | Gained mutation: You are dopey. (Int -2) [a shining eye]
 49560 | Slime:4  | Gained mutation: Your body often deteriorates upon taking
                  | damage. [a shining eye]
 49573 | Slime:5  | Entered Level 5 of the Pits of Slime
 49590 | Slime:5  | Received a gift from Okawaru
 49610 | Slime:5  | Gained mutation: Armour fits poorly on your strangely
                  | shaped body. [a shining eye]
 49611 | Slime:5  | Lost mutation: You are robust. (+10% HP) [a shining eye]
 49612 | Slime:5  | Lost mutation: You are agile. (Dex +4, Str/Int -1) [a
                  | shining eye]
 49726 | Slime:5  | Found a viscous altar of Jiyva.
 49765 | Slime:5  | Gained mutation: You have hidden genetic defects. [a
                  | shining eye]
 49767 | Slime:5  | Gained mutation: Your health recovers twice as slowly from
                  | being drained. [a shining eye]
 49773 | Slime:5  | Gained mutation: You are frail. (-10% HP) [a shining eye]
 49789 | Slime:5  | Noticed the Royal Jelly
 49800 | Slime:5  | Killed the Royal Jelly
 49986 | Slime:5  | Got a starry gem with 48 turns to spare
 49987 | Slime:5  | Identified the +1 robe of Lalyot Ruoz {rC++ Will- rCorr
                  | Int-4}
 50001 | Slime:5  | Got a slimy rune of Zot
 50004 | Slime:5  | Identified the +2 pair of boots "Eroepn" {rElec rCorr Dex-2
                  | Slay+5}
 50028 | Slime:5  | Identified the +10 scimitar of Untruth {flame, rF+ Str+3}
 50047 | Slime:5  | Identified the staff "Xaykkel" {rC+++ rN+ Will+ Dex-4 Conj
                  | Necro}
 50052 | Slime:5  | Identified the +2 acid dragon scales of Lethargy {rCorr
                  | Dex+2}
 50098 | Slime:5  | Identified the +1 leather armour of the Bells {Int+5}
 51271 | Depths:1 | Lost mutation: You have hidden genetic defects. [potion of
                  | mutation]
 51271 | Depths:1 | Lost mutation: Your body often deteriorates upon taking
                  | damage. [potion of mutation]
 51271 | Depths:1 | Lost mutation: Your body sometimes deteriorates upon taking
                  | damage. [potion of mutation]
 51271 | Depths:1 | Gained mutation: Your spells are a little harder to cast,
                  | but a little more powerful. [potion of mutation]
 51273 | Depths:1 | Lost mutation: Armour fits poorly on your strangely shaped
                  | body. [potion of mutation]
 51273 | Depths:1 | Lost mutation: You are dopey. (Int -2) [potion of mutation]
 51273 | Depths:1 | Lost mutation: You are frail. (-10% HP) [potion of
                  | mutation]
 51273 | Depths:1 | Gained mutation: You are dopey. (Int -2) [potion of
                  | mutation]
 51273 | Depths:1 | Gained mutation: Your muscles are strong. (Str +4, Int/Dex
                  | -1) [potion of mutation]
 51274 | Depths:1 | Lost mutation: Your health recovers twice as slowly from
                  | being drained. [potion of mutation]
 51274 | Depths:1 | Lost mutation: You occasionally shout uncontrollably at
                  | your foes. [potion of mutation]
 51274 | Depths:1 | Gained mutation: Your muscles are very strong. (Str +8,
                  | Int/Dex -2) [potion of mutation]
 51274 | Depths:1 | Gained mutation: You are agile. (Dex +4, Str/Int -1)
                  | [potion of mutation]
 51379 | Zot:1    | Entered Level 1 of the Realm of Zot
 51445 | Zot:1    | Received a gift from Okawaru
 52229 | Zot:2    | Noticed a dread lich
 52233 | Zot:2    | Killed a dread lich
 52282 | Zot:2    | Noticed a dread lich
 52290 | Zot:2    | Paralysed by a dread lich for 2 turns
 52412 | Zot:2    | Received a gift from Okawaru
 52715 | Zot:2    | Noticed an orb of fire
 52721 | Zot:2    | Lost mutation: You are agile. (Dex +4, Str/Int -1) [an orb
                  | of fire]
 52725 | Zot:2    | Reached XP level 26. HP: 184/258 MP: 29/29
 52731 | Zot:2    | Killed an orb of fire
 52915 | Zot:2    | Killed a dread lich
 53463 | Zot:3    | Received a gift from Okawaru
 54950 | Zot:4    | Received a gift from Okawaru
 55059 | Zot:4    | Found a runed translucent door.
 55062 | Zot:4    | Noticed Leown's ghost (legendary KoDe)
 55575 | Zot:4    | Killed Leown's ghost
 55634 | Zot:5    | Entered Level 5 of the Realm of Zot
 55909 | Zot:5    | Identified the amulet "Yphyb" {Spirit rC+ Stlth+}
 56115 | Zot:5    | Noticed an orb of fire
 56120 | Zot:5    | Noticed an orb of fire
 56121 | Zot:5    | Noticed an orb of fire
 56124 | Zot:5    | Noticed an orb of fire
 56126 | Zot:5    | Gained mutation: You are frail. (-10% HP) [an orb of fire]
 56128 | Zot:5    | Noticed an orb of fire
 56128 | Zot:5    | Lost mutation: Your muscles are very strong. (Str +8,
                  | Int/Dex -2) [an orb of fire]
 56129 | Zot:5    | Noticed an orb of fire
 56129 | Zot:5    | Gained mutation: You are clumsy. (Dex -2) [an orb of fire]
 56139 | Zot:5    | Gained mutation: You are very clumsy. (Dex -4) [an orb of
                  | fire]
 56145 | Zot:5    | Lost mutation: Your spells are a little harder to cast, but
                  | a little more powerful. [an orb of fire]
 56323 | Zot:5    | Gained mutation: Your body sometimes deteriorates upon
                  | taking damage. [an orb of fire]
 56327 | Zot:4    | Gained mutation: Armour fits poorly on your strangely
                  | shaped body. [an orb of fire]
 56328 | Zot:4    | Killed an orb of fire
 56333 | Zot:4    | Gained mutation: You are very dopey. (Int -4) [an orb of
                  | fire]
 56341 | Zot:4    | Killed an orb of fire
 56382 | Zot:5    | Gained mutation: You occasionally lose the ability to drink
                  | potions when taking damage. [an orb of fire]
 56387 | Zot:4    | Killed an orb of fire
 56389 | Zot:4    | Gained mutation: Your magical capacity is low. (-10% MP)
                  | [an orb of fire]
 56393 | Zot:4    | Killed an orb of fire
 56393 | Zot:4    | Received a gift from Okawaru
 56416 | Zot:4    | Gained mutation: Potions are less effective at restoring
                  | your health. [an orb of fire]
 56420 | Zot:4    | Gained mutation: Your body often deteriorates upon taking
                  | damage. [an orb of fire]
 56423 | Zot:4    | Gained mutation: Your spells are a little easier to cast,
                  | but a little less powerful. [an orb of fire]
 56428 | Zot:4    | Killed an orb of fire
 56560 | Zot:5    | Gained mutation: You are very frail. (-20% HP) [an orb of
                  | fire]
 56561 | Zot:5    | Gained mutation: You are extremely frail. (-30% HP) [an orb
                  | of fire]
 56571 | Zot:5    | Killed an orb of fire
 56838 | Zot:5    | Received a gift from Okawaru
 56988 | Zot:5    | Reached XP level 27. HP: 165/188 MP: 26/26
 57124 | Zot:5    | Upgraded the game from 0.32-a0-672-gff75c0dad8 to
                  | 0.32-a0-825-g0e82a1035d
 57441 | Zot:5    | Got the Orb of Zot
 57675 | Depths:4 | Noticed Qoxoes the pandemonium lord
 57685 | Depths:4 | Killed Qoxoes the pandemonium lord
 57728 | Depths:1 | Noticed Dus Wets the pandemonium lord
 57980 | D:12     | Noticed Qiwos the pandemonium lord
 57990 | D:11     | Slain by Qiwos the pandemonium lord

Illustrated notes

Levels and vault maps discovered:
D:1:      sevenhm_arrival_forest_fort_large_4, layout_basic,
          minmay_shallow_snake_nest
D:2:      layout_loops_corners
D:3:      layout_basic, pf_just_have_faith
D:4:      layout_basic, mainiacjoe_overflow_concentric_impassable,
          nicolae_overflow_hidden_temple, serial_shops, nicolae_shop_trees,
          minivault_24, uniq_eustachio
D:5:      layout_basic, minmay_temple_entry_from_below_a, uniq_menkaure,
          uniq_duvessa
D:6:      wad_river_or_something, layout_basic, good_gods_temple_1,
          lemuel_doored_altar, nemelex_dance_club_becter, skrybe_limestone_x,
          minmay_manual_mail
D:7:      layout_basic, trog_hazing_becter, kennysheep_pointless_box,
          chequers_big_river, grunt_ministairs_7, palyth_stone_intersect
D:8:      layout_loops_corners, nicolae_shop_self_help, uniq_maggie,
          uniq_jeremiah, uniq_psyche
D:9:      layout_irregular_city, old_standard_altar, enter_bailey_2
D:10:     layout_basic, serial_shops, nicolae_shop_hallway_stairs, special_room
          [special_room_orc], dk_vineyard_3
D:11:     layout_loops_ring, minmay_lair_entry_grove, david_orc_2,
          hellmonk_sif_muna_bookshelves, uniq_harold
D:12:     hangedman_cross_veins, layout_irregular_city, serial_shops,
          bzr_entry_customers, serial_column_ruins, column_ruins_hut_ruined,
          column_ruins_hut, column_ruins_columns_corner,
          column_ruins_columns_straight, column_ruins_columns_straight,
          column_ruins_columns_corner, column_ruins_grid_4
D:13:     layout_long_grid, serial_shops, bzr_entry_lakeside
D:14:     layout_irregular_city, david_vaults_5, serial_shops,
          nicolae_shop_rolling_square, uniq_azrael, uniq_lodul
D:15:     grunt_enter_depths_magical_seal, layout_long_grid, serial_shops, shop,
          small_statue_intersection, nicolae_elyvilon_temple_path
Temple:   nicolae_temple_bog_church
Lair:1:   layout_gridlike, uniq_nergalle
Lair:2:   layout_roguey, minmay_shoals_entry_beasts,
          guppyfry_snake_entry_island, st_stairs_6, grunt_megastairs_3
Lair:3:   nzn_winding_woodlands_medium [nzn_winding_woodlands_5x5_checkerboard,
          nzn_winding_woodlands_5x15_sidewinder,
          nzn_winding_woodlands_hourglass, nzn_winding_woodlands_5x5_three,
          nzn_winding_woodlands_center_pierced_h,
          nzn_winding_woodlands_5x5_perimeter,
          nzn_winding_woodlands_5x5_open_star, nzn_winding_woodlands_5x15_pool,
          nzn_winding_woodlands_5x5_default], layout_regular_city,
          maelrawn_ghost_gauntlet_escape, uniq_gastronok
Lair:4:   layout_roguey, portal_ice_cave_rime
Lair:5:   cheibrodos_lair_end_hotspot, layout_misc_corridors, slime_entry_1
Shoals:1: nicolae_shoals_offshore_bank_account, layout_shoals,
          nicolae_shoals_raging_river
Shoals:2: cheibrodos_shoals_gigantism, layout_shoals, lemuel_altar_in_water
Shoals:3: layout_shoals, serial_shops, nicolae_stop_n_shop_2,
          nicolae_shop_scrapyard, shop, uniq_jorgrun
Shoals:4: shoals_end_hellmonk_lost_city, uniq_aizul
Snake:1:  layout_onion_interference
Snake:2:  layout_rooms, serial_shops, nicolae_shop_just_a_little_nook,
          nicolae_snake_gridmaze_big_u
Snake:3:  layout_rooms, nicolae_integral_box
Snake:4:  snake_pit, layout_onion, serial_shops, nicolae_shop_trees, shop,
          ebering_ghost_disaster_area, uniq_vashnia
Slime:1:  cheibrodos_slime_lost_civilization_10, layout_caves
Slime:2:  layout_caves, nicolae_slime_round_cave
Slime:3:  layout_caves, cheibrodos_slime_lost_civilization_5
Slime:4:  layout_caves
Slime:5:  slime_pit_nicolae_block_by_block
Orc:1:    layout_caves
Orc:2:    st_orc_rangers, layout_diamond_mine, gammafunk_ghost_abyssal_escape
Elf:1:    nicolae_elf_arrival_aired_out, layout_onion_city, basic_altar,
          hangedman_elven_crosses_minicolossus, uniq_frances
Elf:2:    nicolae_elf_blades_splatter_lattice [mumra_blade_entry_dagger],
          layout_gridlike, nicolae_shop_clearance
Elf:3:    minmay_elf_hall_quartered_circle, layout_geoelf_octagon,
          gammafunk_ghost_arena
Vaults:1: nicolae_vaults_house_1, nicolae_vaults_apartment_1, v_misc_28,
          vaults_dpeg_diagonal, nicolae_vaults_three_branches,
          nicolae_vaults_apartment_1, nicolae_vaults_house_2,
          layout_vaults_chaotic_city
Vaults:2: nicolae_vaults_network_square, minmay_crypt_entry_simple_round,
          nicolae_vaults_more_shelving_2, nicolae_vaults_shipping_containers_3,
          hangedman_vaults_trim, v_misc_9, nicolae_vaults_apartment_1,
          ontoclasm_vaults_pinch, nicolae_vaults_closet_pinwheel_4, v_rooms_6,
          vaults_mumra_chevron_long, serial_library_hellmonk_semicircle,
          nicolae_vaults_hexular_roomagon, layout_vaults_maze_snakey,
          serial_shops, nicolae_diamond_shop
Vaults:3: v_misc_2, hangedman_vaults_impose, v_alt_pattern_2,
          vaults_standard_mumra_lines, vaults_room_grid,
          nicolae_vaults_six-pack, nicolae_vaults_weapon_check,
          nicolae_vaults_little_squares_2, nicolae_vaults_house_2,
          layout_vaults_omnigrid
Vaults:4: v_pattern_1, nicolae_vaults_hallways_thing, v_misc_26, v_misc_19,
          nicolae_vaults_closet_pinwheel_4, nicolae_vaults_cochlea,
          nicolae_vaults_frosty_reception, nicolae_vaults_yaktaur_gun_rack,
          vaults_standard_mumra_enter_the_diamond, v_misc_22,
          ontoclasm_vaults_idyll, vaults_dpeg_encased_lava,
          ontoclasm_vaults_loading_screen, layout_vaults_ring, enter_trove_5
Vaults:5
Crypt:1:  layout_misc_corridors, grunt_ministairs_13,
          grunt_crypt_arrival_webbed, lemuel_upstairs_altar, uniq_mennas
Crypt:2:  layout_misc_corridors, mu_enter_wizlab_1
Crypt:3:  church_of_pain_bobbens, layout_chaotic_city,
          nicolae_tomb_entry_unfolded_pyramid_orthogonal, basic_altar
Depths:1: layout_honeycomb, enter_ziggurat_c, serial_shops,
          nicolae_shop_statue_plus, nicolae_qazlal_style_of_elements,
          hell_entry, glass_columns_a, lightli_gold_pyramid, uniq_enchantress
Depths:2: dreamdust_cat_pyramid, layout_gridlike, grunt_pan_entry_sceptre,
          nicolae_two_hexagons, hell_entry
Depths:3: cheibrodos_leafed_vault, layout_cave_shapes,
          hangedman_abyss_entry_splay, nicolae_twisting_strands,
          grunt_hell_entry_dis_grunt, serial_bayou_shore_b,
          infiniplex_staircase_river
Depths:4: grunt_twist_and_shout, layout_honeycomb, abyss_entry,
          gammafunk_ghost_crypt, pf_hell_entry_tar_river
Zot:1:    layout_misc_corridors, regret_index_zotdec_stipple_waver,
          lemuel_golem_globe
Zot:2:    hellmonk_crystal_mountain, layout_misc_corridors
Zot:3:    layout_basic, regret_index_zotdec_plus
Zot:4:    layout_concentric_octagons, ebering_ghost_inner_flame
Zot:5:    layout_concentric_octagons

Skill      XL: |  1  2  3  4  5  6  7  8  9 10 11 12 13 14 15 16 17 18 19 20 21 22 23 24 25 26 |
---------------+-------------------------------------------------------------------------------+-----
Dodging        | 1 2 3 4 5 6 8 9 10 12 13 14 15 16 17 18 19 20 21 22 23 24 | 24.3
Armour         | 4 5 6 7 8 9 11 12 13 14 16 17 18 19 20 21 22 23 24 25 26 | 26.3
Shields        | 4 5 6 7 8 9 11 12 13 14 16 17 18 19 20 21 22 23 24 25 26 | 26.4
Fighting       | 4 5 6 7 8 9 11 12 13 14 15 17 18 19 20 21 22 23 24 25 26 | 26.3
Axes           | 3 4 5 6 8 9 10 12 13 14 15 16 18 19 20 21 22 23 24 25 26 | 26.3
Invocations    | 9 10 | 10.0

Action                     |  1- 3 |  4- 6 |  7- 9 | 10-12 | 13-15 | 16-18 | 19-21 | 22-24 | 25-27 || total
---------------------------+-------+-------+-------+-------+-------+-------+-------+-------+-------++-------
  Melee: War axe           |    96 |    87 |   237 |   599 |    20 |       |       |       |       ||  1039
         Headbutt          |     5 |    15 |    49 |   121 |   228 |   319 |   342 |   381 |   223 ||  1683
         Unarmed           |       |       |       |     9 |       |       |       |       |    31 ||    40
         Broad axe         |       |       |       |       |   984 |  1341 |  1302 |  1280 |   804 ||  5711
 Invoke: Heroism           |       |       |       |     3 |     4 |     5 |     6 |     9 |     5 ||    32
         Receive Weapon    |       |       |       |       |     1 |       |       |       |       ||     1
         Receive Armour    |       |       |       |       |     1 |       |       |       |       ||     1
  Evoke: Wand              |       |       |       |     9 |       |       |     1 |     1 |     4 ||    15
         Tin of tremorston |       |       |       |       |       |     2 |     2 |       |       ||     4
    Use: Scroll            |     6 |       |     8 |    18 |     9 |     7 |    15 |     6 |    12 ||    81
         Potion            |       |       |     3 |     8 |     2 |       |     9 |     1 |    14 ||    37
   Stab: Invisible         |       |       |       |    10 |       |       |       |       |       ||    10
         Confused          |       |       |       |       |       |       |       |     1 |       ||     1
 Armour: Scale mail        |    49 |    76 |   141 |    63 |       |       |       |       |       ||   329
         Quicksilver drago |       |       |       |   285 |   461 |    57 |       |       |       ||   803
         Skin              |       |       |       |    14 |       |       |       |       |     3 ||    17
         Plate armour      |       |       |       |       |       |   646 |   571 |   531 |   610 ||  2358
  Dodge: Dodged            |    64 |   110 |   214 |   532 |   725 |   681 |   482 |   722 |   663 ||  4193
  Block: Buckler           |    23 |    27 |    90 |   224 |   345 |   311 |       |       |       ||  1020
         Kite shield       |       |       |       |       |       |   224 |   803 |  1395 |   989 ||  3411
         Reflection        |       |       |       |       |       |    59 |    82 |    14 |     8 ||   163

Table legend: (Time is in decaauts)
 A = Elapsed time spent in this place.
 B = Non-inter-level travel time spent in this place.
 C = Inter-level travel time spent in this place.
 D = Time resting spent in this place.
 E = Time spent auto-exploring this place.
 F = Levels seen in this place.
 G = Mean time per level.
                   A        B        C        D        E       F      G
               +--------+--------+--------+--------+--------+-----+--------+
         Total |  57116 |  51587 |   5529 |   2577 |  35856 |  62 |  921.2 |
       Dungeon |  15169 |  13386 |   1783 |    219 |   9961 |  15 | 1011.3 |
        Temple |     28 |      1 |     27 |      0 |      0 |   1 |   28.0 |
          Lair |   5061 |   4437 |    624 |     30 |   3606 |   5 | 1012.2 |
        Shoals |   3911 |   3709 |    202 |    374 |   2618 |   4 |  977.8 |
     Snake Pit |   4125 |   3722 |    403 |    114 |   2927 |   4 | 1031.2 |
    Slime Pits |   1487 |   1414 |     73 |     38 |    790 |   5 |  297.4 |
  Orcish Mines |   1491 |   1381 |    110 |    148 |   1000 |   2 |  745.5 |
   Elven Halls |   2843 |   2665 |    178 |    361 |   1504 |   3 |  947.7 |
        Vaults |   6728 |   5899 |    829 |    324 |   4193 |   5 | 1345.6 |
         Crypt |   3156 |   2963 |    193 |    218 |   1702 |   3 | 1052.0 |
        Depths |   4435 |   4056 |    379 |     70 |   2746 |   4 | 1108.8 |
           Zot |   6476 |   5753 |    723 |    422 |   3916 |   5 | 1295.2 |
         Abyss |    216 |    216 |      0 |      0 |     83 |   1 |  216.0 |
        Bazaar |    375 |    375 |      0 |    100 |    132 |   2 |  187.5 |
        Bailey |    556 |    556 |      0 |    100 |    200 |   1 |  556.0 |
      Ice Cave |    407 |    407 |      0 |      3 |    208 |   1 |  407.0 |
        Wizlab |    644 |    644 |      0 |     54 |    267 |   1 |  644.0 |
               +--------+--------+--------+--------+--------+-----+--------+

Top non-repeatable levels by time:
   Zot:4: 2052 daAuts
 Snake:4: 1723 daAuts
Vaults:3: 1540 daAuts
    D:14: 1529 daAuts
  Lair:5: 1497 daAuts
    D:12: 1497 daAuts
Vaults:4: 1413 daAuts
 Crypt:3: 1408 daAuts
Vaults:2: 1352 daAuts
Vaults:5: 1319 daAuts
   Zot:5: 1310 daAuts
 Slime:5: 1275 daAuts
   Zot:2: 1198 daAuts
Depths:1: 1192 daAuts
    D:15: 1187 daAuts
